 Dungeon Crawl Stone Soup version 0.16-a0-3834-g51c8674 (webtiles) character file.

2173 ketsa the Ruffian (level 9, -1/74 HPs)
             Began as a Centaur Fighter on Jan 29, 2015.
             Was a Believer of Okawaru.
             Slain by a killer bee (4 damage)
             ... on level 7 of the Dungeon.
             The game lasted 00:31:44 (9864 turns).

ketsa the Ruffian (Centaur Fighter)                 Turns: 9864, Time: 00:31:44

Health: -1/74      AC: 12    Str: 19    XL:     9   Next: 11%
Magic:  12/13      EV: 10    Int:  7    God:    Okawaru [**....]
Gold:   435        SH: 12    Dex: 12    Spells: 1 memorised, 7 levels left

rFire  . . .     SeeInvis .       - Unarmed
rCold  . . .     Clarity  .     m - +0 ring mail
rNeg   + . .     SustAb   .     c - +1 shield
rPois  .         Gourm    .     (no helmet)
rElec  .         Spirit   .     D - +0 cloak
rCorr  .         Warding  .     q - +0 pair of gloves
rMut   .         Stasis   +     (no barding)
MR     .....                    J - amulet of stasis
Stlth  +.........               y - +3 ring of protection
                                d - ring of positive energy

@: lethally poisoned, heroism, very quick, not resistant to hostile
enchantments, very unstealthy
A: hooves 3, deformed body, speed 2, tough skin 3
a: Heroism, Renounce Religion


You were on level 7 of the Dungeon.
You worshipped Okawaru.
Okawaru was pleased with you.
You were hungry.

You visited 2 branches of the dungeon, and saw 8 of its levels.

You collected 435 gold pieces.

Inventory:

Hand weapons
 t - a cursed -3 whip
Missiles
 l - 47 arrows
 o - 17 poisoned needles
 A - 9 bolts
 N - 12 stones (quivered)
 Q - 15 sling bullets
Armour
 b - a +0 scale mail
 c - a +1 shield (worn)
 h - a +0 plate armour
 j - a +0 leather armour
 m - a +0 ring mail (worn)
 q - a +0 pair of gloves (worn)
 v - a +0 chain mail
 w - a +0 plate armour
 D - a +0 cloak (worn)
 E - a +0 gold dragon armour
Jewellery
 d - a ring of positive energy (left hand)
 y - a +3 ring of protection (right hand)
 F - an uncursed ring of positive energy
 J - an amulet of stasis (around neck)
Magical devices
 s - a wand of confusion (22)
 C - a wand of slowing (19)
 I - a wand of disintegration (19)
 K - a wand of frost (20)
 P - a wand of digging (10)
Scrolls
 f - a scroll of teleportation
 i - 3 scrolls of magic mapping {unknown}
 k - 3 scrolls of recharging
 n - 4 scrolls of remove curse
 p - 3 scrolls of fog {unknown}
 u - 3 scrolls of enchant weapon {unknown}
 B - 2 scrolls of identify
 L - a scroll of enchant armour
 O - a scroll of holy word {unknown}
Potions
 e - a potion of might
 g - 2 potions of brilliance
 r - a potion of restore abilities
 M - a potion of haste
Books
 G - a book of Party Tricks

   Spells                             Type                      Level
   a - Summon Butterflies             Summoning                    1
   b - Apportation                    Translocation                1
   c - Tukima's Dance                 Hexes                        3
   d - Alistair's Intoxication        Transmutation/Poison         4
   e - Invisibility                   Hexes                        6
Comestibles
 a - 8 bread rations
 x - 4 chunks of flesh
 z - a meat ration
 H - 4 fruits


   Skills:
 + Level 5.5(10.5) Fighting
 + Level 2.4(7.4) Throwing
 + Level 2.5(7.5) Armour
 + Level 4.7(9.7) Shields
 * Level 7.4(12.4) Unarmed Combat
 + Level 0.8 Translocations
 + Level 4.2 Invocations
 + Level 3.5 Evocations


You had 7 spell levels left.
You knew the following spells:

 Your Spells              Type           Power        Failure   Level  Hunger
a - Apportation           Tloc           #.........   65%         1    ##.....


Dungeon Overview and Level Annotations

Branches:
Dungeon (7/15)             Temple (1/1) D:4

Altars:
Ashenzari
Cheibriados
Dithmenos
Elyvilon
Fedhas
Gozag
Kikubaaqudgha
Makhleb
Nemelex Xobeh
Okawaru
Qazlal
Ru
Sif Muna
Trog
Vehumet
Xom
Yredelemnul
Zin
The Shining One

Shops:
D:6 (


Innate Abilities, Weirdness & Mutations

You have hooves in place of feet.
Armour fits poorly on your strangely shaped body.
You cover ground very quickly.
You have extremely tough skin (AC +3).


Message History

You punch the killer bee!
You kill the killer bee!
Okawaru accepts your kill. The killer bee stings you.
* * * LOW HITPOINT WARNING * * *
You miss the killer bee.
You feel sick. You block the killer bee's attack.
You block the killer bee's attack.
You hit the killer bee but do no damage.
Your kick misses the killer bee. You block the killer bee's attack.
You closely miss the killer bee. Your kick misses the killer bee.
You feel sick. You block the killer bee's attack.
You block the killer bee's attack.
You miss the killer bee.
The killer bee stings you but does no damage.
You barely miss the killer bee. You block the killer bee's attack.
The killer bee stings you but does no damage.
You closely miss the killer bee.
You feel sick. You block the killer bee's attack.
You miss the killer bee. The killer bee stings you.
You die...

#.........#####.######
#.........## #......#####
#..........## ######.....#
#........<..############.##
#.........#.......... #...
#.........##########. ####
#.........## #...
##.........# #.##
##.....##@# .. ########y#
## ##.########
##.(#..>..... ##.#...# ###
##.#....# ... ##.##.#.##
#.##.).))#.# #.......##.#


You could see a killer bee.

Vanquished Creatures
  Edmund (D:7)
  2 sky beasts (D:5)
  2 orc warriors
  A phantom (D:7)
  An ogre (D:4)
  A centaur (D:6)
  A big kobold (D:7)
  4 giant frogs
  2 scorpions
  5 killer bees (D:7)
  A goliath beetle (D:7)
  A centaur skeleton (D:7)
  2 hounds
  3 giant frog skeletons
  3 iguanas
  2 orc priests (D:6)
  4 worker ants
  2 orc wizards (D:5)
  6 adders
  2 giant mites
  A river rat (D:4)
  3 worms
  6 giant geckos
  21 orcs
  21 bats
  10 giant cockroaches
  13 goblins
  18 hobgoblins
  17 kobolds
  4 ball pythons
  A ball python skeleton (D:4)
  2 giant newts
  16 jackals
  3 quokkas
  3 quokka skeletons
  12 rats
197 creatures vanquished.

Notes
Turn   | Place    | Note
--------------------------------------------------------------
     0 | D:1      | ketsa, the Centaur Fighter, began the quest for the Orb.
     0 | D:1      | Reached XP level 1. HP: 19/19 MP: 1/1
   158 | D:1      | Reached XP level 2. HP: 26/26 MP: 2/2
   543 | D:1      | Reached XP level 3. HP: 26/31 MP: 3/3
  1056 | D:2      | Found a deep blue altar of Sif Muna.
  1532 | D:2      | Reached XP level 4. HP: 38/38 MP: 3/3
  2599 | D:3      | Reached skill level 4 in Unarmed Combat
  2870 | D:4      | Reached XP level 5. HP: 43/46 MP: 4/4
  2965 | D:4      | Noticed an ogre
  3291 | D:5      | Entered Level 5 of the Dungeon
  3346 | D:5      | Noticed a sky beast
  3588 | D:3      | Found an iron altar of Okawaru.
  3593 | D:3      | Became a worshipper of Warmaster Okawaru
  4006 | D:4      | Found a staircase to the Ecumenical Temple.
  4015 | Temple   | Entered the Ecumenical Temple
  4229 | D:4      | Killed an ogre
  4229 | D:4      | Reached XP level 6. HP: 47/52 MP: 5/5
  4256 | D:4      | Found a snail-covered altar of Cheibriados.
  4463 | D:4      | Reached skill level 5 in Unarmed Combat
  4724 | D:5      | Killed a sky beast
  4952 | D:5      | Reached skill level 1 in Invocations
  4952 | D:5      | Reached skill level 1 in Evocations
  4952 | D:5      | Reached XP level 7. HP: 26/60 MP: 5/6
  5184 | D:5      | Acquired Okawaru's first power
  6349 | D:6      | Reached skill level 6 in Unarmed Combat
  6477 | D:6      | Found Xuury's Weapon Shoppe.
  6496 | D:6      | Found a shattered altar of Ashenzari.
  7074 | D:5      | Reached XP level 8. HP: 61/67 MP: 9/9
  7121 | D:6      | Reached skill level 5 in Fighting
  8033 | D:6      | Reached skill level 1 in Throwing
  9190 | D:7      | Learned a level 1 spell: Apportation
  9240 | D:7      | Reached skill level 7 in Unarmed Combat
  9759 | D:7      | Noticed Edmund
  9775 | D:7      | Killed Edmund
  9811 | D:7      | Reached XP level 9. HP: 74/74 MP: 13/13
  9860 | D:7      | HP: 3/74 [poisoned by a killer bee]
  9864 | D:7      | Slain by a killer bee

Action                   |  1- 3 |  4- 6 |  7- 9 || total
-------------------------+-------+-------+-------++-------
Melee: Unarmed           |   167 |   361 |   470 ||   998
Throw: Stone             |       |       |    42 ||    42
Invok: Heroism           |       |       |     5 ||     5
  Use: Scroll            |       |    10 |     3 ||    13
       Potion            |       |     1 |     9 ||    10
  Eat: Chunk             |     1 |     8 |    11 ||    20
       Beef jerky        |       |     1 |       ||     1
       Pizza             |       |       |     1 ||     1
       Royal jelly       |       |       |     1 ||     1
